Map: Bridgehead LE (Void)

Players

MuScOne - Winner!

  • Race: Terran Terran
  • League: Platinum

Zarmoxis

  • Race: Terran Terran
  • League: Platinum

VOD

Have the link to the VOD?

Description

Time

  • Played on: Aug. 23, 2015, 7:02 a.m.
  • Length: 9:13
Show
View Real Time Build Order
Export as new Build Order

MuScOne Terran - Winner!

Build Orders: MMM Bio 

Get SALT Encoding   

  12  0:01  SCV  
  13  0:13  SCV  
  14  0:20  Supply Depot  
  14  0:26  SCV  
  15  0:41  SCV  
  16  0:43  Barracks  
  16  0:47  Refinery  
  16  0:53  SCV  
  17  1:06  SCV  
  18  1:18  SCV  
  19  1:30  Orbital Command, Marine  
  20  1:45  Command Center  
  20  1:49  Marine  
  21  2:04  SCV  
  22  2:16  SCV, Barracks Reactor  
  23  2:23  Factory  
  23  2:28  SCV  
  24  2:40  SCV  
  25  2:52  SCV  
  25  2:53  Marine x2  
  25  2:57  Orbital Command  
  28  3:07  Factory Tech Lab, Starport  
  28  3:09  SCV  
  28  3:10  Refinery  
  29  3:21  SCV, Engineering Bay  
  29  3:24  Marine x2  
  32  3:29  SCV  
  32  3:33  SCV  
  34  3:41  SCV  
  34  3:46  SCV  
  36  3:49  Missile Turret x2  
  36  3:50  Raven  
  36  3:52  Marine x2  
  36  3:53  SCV  
  41  3:58  SCV  
  41  3:59  Supply Depot  
  42  4:05  SCV  
  43  4:10  SCV  
  44  4:17  SCV  
  44  4:19  Terran Infantry Weapons Level 1  
  44  4:22  SCV  
  45  4:30  SCV  
  46  4:34  SCV, Refinery  
  46  4:35  Marine x2  
  46  4:36  Factory Tech Lab  
  49  4:42  SCV  
  49  4:44  Barracks  
  50  4:46  SCV  
  50  4:48  Barracks  
  51  4:54  SCV, Marine x2  
  51  4:58  SCV  
  55  5:06  SCV  
  56  5:10  SCV  
  57  5:15  Supply Depot  
  57  5:18  SCV, Marine x2  
  57  5:20  Starport Reactor  
  60  5:22  SCV  
  60  5:23  Supply Depot  
  60  5:25  Supply Depot  
  61  5:30  SCV  
  61  5:33  Stimpack  
  62  5:36  Barracks Reactor  
  62  5:37  Siege Tank  
  62  5:38  Marine  
  62  5:39  Marine  
  62  5:42  Supply Depot  
  67  5:44  Refinery  
  67  6:04  Command Center  
  67  6:13  Terran Infantry Armor Level 1  
  64  6:28  Marine x5  
  64  6:29  SCV  
  64  6:30  SCV  
  60  6:41  SCV, Siege Tank  
  60  6:45  Medivac x2  
  60  6:46  Marine x2  
  70  6:49  Supply Depot  
  70  6:50  Supply Depot, SCV  
  70  6:54  SCV  
  72  6:56  Barracks  
  72  6:57  Barracks  
  72  7:03  Marine x3  
  72  7:04  Marine x2  
  77  7:21  Marine x3  
  76  7:33  Missile Turret  
  76  7:34  Combat Shields  
  74  7:43  Marine x5  
  78  7:46  Medivac x2  
  78  7:49  Barracks Reactor  
  82  7:53  Armory, Engineering Bay  
  82  7:57  Planetary Fortress  
  82  7:58  Sensor Tower  
  82  8:08  Barracks Reactor  
  82  8:13  SCV, Marine x3  
  82  8:14  Marine x2  
  82  8:17  SCV  
  82  8:19  Sensor Tower  
  89  8:20  Supply Depot  
  89  8:23  Siege Tank  
  89  8:25  SCV  
  93  8:29  SCV, Refinery  
  93  8:30  Refinery  
  93  8:31  Marine x5  
  93  8:34  Marine x2  
  99  8:37  SCV x2  
  103  8:41  SCV  
  103  8:43  Supply Depot  
  103  8:47  Marine x2  
  106  8:49  Marine x3  
Show
View Real Time Build Order
Export as new Build Order

Zarmoxis Terran 

Build Orders: 1/1/1, Banshee Rush 

Get SALT Encoding   

  12  0:01  SCV  
  13  0:13  SCV  
  14  0:18  Supply Depot  
  14  0:25  SCV  
  15  0:30  Refinery  
  15  0:39  SCV  
  16  0:45  Barracks  
  16  0:51  SCV  
  17  1:04  SCV  
  18  1:16  SCV  
  19  1:28  SCV  
  20  1:33  Factory  
  20  1:39  Marine  
  21  1:44  SCV  
  22  1:51  Command Center  
  22  1:58  Refinery  
  22  1:59  SCV  
  23  2:17  Supply Depot  
  23  2:22  Starport  
  23  2:25  Factory Tech Lab  
  23  2:37  Orbital Command  
  23  2:38  Marine  
  24  2:47  Supply Depot  
  25  3:06  Banshee, Cloaking Field  
  25  3:09  SCV  
  25  3:12  SCV  
  29  3:16  Factory Reactor  
  29  3:24  Marine  
  30  3:28  SCV  
  30  3:29  SCV  
  32  3:38  Engineering Bay  
  32  3:40  SCV  
  33  3:44  Marine  
  34  3:50  Viking  
  36  3:56  Hellion  
  36  3:59  SCV  
  40  4:07  Planetary Fortress  
  39  4:12  Missile Turret  
  39  4:18  Missile Turret  
  39  4:31  Hellion x2  
  40  4:37  Banshee  
  43  4:40  Marine  
  43  4:43  SCV  
  45  4:49  SCV  
  46  4:53  Hellion  
  48  5:22  Factory Tech Lab  
  48  5:30  SCV x2  
  48  5:32  Viking x2  
  48  5:33  Bunker  
  54  5:38  Terran Infantry Weapons Level 1  
  54  5:50  Supply Depot  
  54  5:55  SCV x2, Siege Tank  
  59  5:57  Supply Depot  
  59  6:01  Barracks  
  59  6:04  Barracks  
  49  6:32  Barracks Tech Lab  
  44  6:44  Barracks Tech Lab  
  44  6:49  Supply Depot  
  44  6:50  Barracks Reactor  
  44  6:51  Barracks Reactor  
  44  6:52  Bunker  
  44  6:54  Siege Tank  
  44  6:55  Viking  
  44  6:56  Viking  
  44  6:59  Refinery  
  44  7:00  Refinery  
  51  7:03  Marine  
  51  7:05  Stimpack  
  52  7:22  Marine  
  53  7:23  SCV  
  53  7:24  SCV  
  53  7:29  Barracks  
  55  7:30  Barracks  
  55  7:39  Marine x2  
  54  7:45  Medivac x2  
  58  7:53  Marine x2  
  58  7:54  Siege Tank, Marine  
  58  7:56  SCV x2  
  66  8:07  Marine x2  
  66  8:12  SCV x2  
  70  8:18  Supply Depot  
  70  8:20  Supply Depot  
  70  8:31  Marine x3  
  70  8:32  Barracks Reactor x2, Marine  
  70  8:33  Marine  
  75  8:35  Viking  
  77  8:43  SCV x2  
Tags
 
Composition
MMM Bio
Matchup
TvT
Opening
1/1/1
Race
Terran
Strategy
Banshee Rush
Add a new tag
Caveats
  • Supply blocks, unpowered buildings, or Contaminate may cause inaccurate times.
  • Supply counts are checked every 10 seconds.